 Dungeon Crawl Stone Soup version 0.28-a0-1594-ga885d4b3d6 (webtiles) character file.

Game seed: 1029776271783523559

275 HallandMoats the Skirmisher (level 6, -6/38 HPs)
             Began as a Gargoyle Fighter on Jan 21, 2022.
             Killed from afar by Ijyb (36 damage)
             ... with a bolt of acid
             ... on level 3 of the Dungeon.
             The game lasted 00:02:35 (1982 turns).

HallandMoats the Skirmisher (Gargoyle Fighter)      Turns: 1982, Time: 00:02:35

Health: -6/38      AC: 13    Str: 26    XL:     6   Next: 25%
Magic:  7/7        EV: 10    Int:  8    God:
Gold:   36         SH:  4    Dex: 11    Spells: 5/5 levels left

rFire   . . .      SeeInvis .   i - +3 spear
rCold   . . .      Faith    .   c - +0 buckler
rNeg    + . .      Spirit   .   b - +0 scale mail
rPois   ∞          Reflect  .   k - +1 helmet
rElec   +          Harm     .   (no cloak)
rCorr   .          Rampage  .   (no gloves)
Will    .....                   (no boots)
Stlth   ..........              (no amulet)
HPRegen 0.12/turn               g - +6 ring of strength
MPRegen 0.10/turn               (no ring)

@: no status effects
A: sickness immunity, AC +4, negative energy resistance 1, electricity
resistance, torment resistance 1, petrification resistance
a: no special abilities


You were on level 3 of the Dungeon.
You visited 1 branch of the dungeon, and saw 3 of its levels.

You collected 86 gold pieces.
You spent 50 gold pieces at shops.

Inventory:

Hand Weapons
 a - a +0 war axe
 i - a +3 spear (weapon)
Armour
 b - a +0 scale mail (worn)
 c - a +0 buckler (worn)
 k - a +1 helmet (worn)
Jewellery
 g - a +6 ring of strength (left hand)
Scrolls
 d - a scroll of identify
 e - a scroll of holy word {unknown}
 f - a scroll of amnesia {unknown}
 h - 2 scrolls of teleportation
 m - 2 scrolls of enchant weapon {unknown}
 n - a scroll of blinking {unknown}
Potions
 j - a potion of heal wounds {unknown}
 l - 4 potions of curing {unknown}
 o - a potion of might
 p - a potion of lignification {unknown}


   Skills:
 + Level 4.0 Fighting
 * Level 3.2 Axes
 + Level 4.0 Armour
 * Level 2.3 Dodging
 + Level 4.0 Shields
 + Level 1.8 Invocations


You had 5 spell levels left.
You didn't know any spells.
Your spell library contained the following spells:

 Spells                   Type           Power      Damage    Failure   Level
 Confusing Touch          Hex            0%         N/A       98%         3
 Yara's Violent Unravell  Hex/Tmut       0%         3d3       100%        5
 Enfeeble                 Hex            0%         N/A       100%        7


Dungeon Overview and Level Annotations

Branches:
Dungeon (3/15)

Altars:
Kikubaaqudgha

Shops:
D:3 ?

Annotations:
D:3 Ijyb


Innate Abilities, Weirdness & Mutations

You are immune to sickness and miasma.
Your stone body is resilient. (AC +4)
You are immune to poison.
You resist negative energy. (rN+)
You are resistant to electric shocks. (rElec)
You are resistant to unholy torment.
You are immune to petrification.


Message History

l - 3 fizzy silvery potions (gained 1)
Found a fustibalus.
A dart slug comes into view.
Found a stone staircase leading down.
A dart slug is nearby!
A dart slug is nearby!
A dart slug is nearby!
A dart slug is nearby!
You see here a +0 fustibalus.
You reach to attack!
You hit the dart slug but do no damage. The dart slug launches a dart at you.
The slug dart misses you.
You reach to attack!
You hit the dart slug.
The dart slug is lightly wounded.
You reach to attack!
You hit the dart slug.
The dart slug is heavily wounded.
The dart slug launches a dart at you.
The slug dart hits you but does no damage.
You reach to attack!
You hit the dart slug.
You kill the dart slug!
No target in view!
No target in view!
No target in view!
No target in view!
No target in view!
No target in view!
p - a murky coppery potion
l - 4 fizzy silvery potions (gained 1) Ijyb the Twisted Goblin comes into view.
She is wielding a +2 spectral club and carrying a wand of acid (7).
Ijyb shouts!
Ijyb is nearby!
Ijyb is nearby!
Ijyb is nearby!
You barely miss Ijyb. You block Ijyb's attack.
You hit Ijyb but do no damage. Ijyb hits you but does no damage.
Ijyb zaps a wand.
The bolt of acid hits you!
You hit Ijyb but do no damage. You block Ijyb's attack.
You closely miss Ijyb.
Ijyb zaps a wand.
The bolt of acid hits you!!!
Ouch! That really hurt!
You die...

# # #.# # #.#
####### #.# ......#
#.# #####.# #.#
..###.# #.# #.....#
#g#
#.##############@##
.#................#
>.................#
##.#############.##
#.# #.# #.# #.# #.#
#.# #.# #.# #.# .#


You could see Ijyb.

Vanquished Creatures
  Pargi (D:3)
  An orc priest (D:3)
  2 orc wizards (D:3)
  3 adders (D:2)
  2 dart slugs
  10 orcs (D:3)
  4 ball pythons
  8 endoplasms
  4 giant cockroaches
  3 goblins (D:1)
  4 hobgoblins
  5 jackals
  2 kobolds
  2 quokkas
  2 bats
  2 frilled lizards (D:3)
  3 rats (D:1)
58 creatures vanquished.

Notes
Turn   | Place    | Note
-------+----------+-------------------------------------------
     0 | D:1      | HallandMoats the Gargoyle Fighter began the quest for the
                  | Orb.
     0 | D:1      | Reached XP level 1. HP: 14/14 MP: 1/1
   130 | D:1      | Reached XP level 2. HP: 19/19 MP: 2/2
   538 | D:1      | Reached XP level 3. HP: 23/23 MP: 3/3
   567 | D:1      | Reached skill level 1 in Dodging
   851 | D:2      | Reached XP level 4. HP: 25/28 MP: 4/4
  1012 | D:2      | Found an ancient bone altar of Kikubaaqudgha.
  1367 | D:3      | Reached skill level 1 in Invocations
  1378 | D:3      | Found Meamohu's Magic Scroll Shoppe.
  1386 | D:3      | Noticed Pargi
  1408 | D:3      | Killed Pargi
  1409 | D:3      | Reached XP level 5. HP: 16/33 MP: 4/6
  1620 | D:3      | Bought a scroll of teleportation for 30 gold pieces
  1620 | D:3      | Bought a scroll of identify for 20 gold pieces
  1652 | D:3      | Reached XP level 6. HP: 19/38 MP: 7/7
  1977 | D:3      | Noticed Ijyb
  1982 | D:3      | Killed from afar by Ijyb

Illustrated notes

Levels and vault maps discovered:
D:1:      dpeg_arrival_rooms_with_view, layout_loops_ring,
          minmay_misc_feat_pillars
D:2:      layout_loops_ring, basic_altar, minmay_between
D:3:      minmay_angry_zag, layout_basic, mainiacjoe_overflow_cross_hatched,
          serial_shops, shop, uniq_ijyb, uniq_crazy_yiuf_cottage, uniq_pargi

Skill      XL: |  1  2  3  4  5  6 |
---------------+-------------------+-----
Axes           | 2 3 |  3.2
Dodging        | 1 2 |  2.3
Invocations    | 1 |  1.8
Fighting       | 4 |  4.0
Shields        | 4 |  4.0
Armour         | 4 |  4.0

Action                   |  1- 3 |  4- 6 || total
-------------------------+-------+-------++-------
Melee: War axe           |    31 |       ||    31
       Spear             |    44 |    97 ||   141
  Use: Potion            |       |     1 ||     1
Armor: Scale mail        |    33 |    53 ||    86
Dodge: Dodged            |    39 |    46 ||    85
Block: Buckler           |    13 |    20 ||    33

Table legend: (Time is in decaauts)
 A = Elapsed time spent in this place.
 B = Non-inter-level travel time spent in this place.
 C = Inter-level travel time spent in this place.
 D = Time resting spent in this place.
 E = Time spent auto-exploring this place.
 F = Levels seen in this place.
 G = Mean time per level.
                   A        B        C        D        E       F      G
               +--------+--------+--------+--------+--------+-----+--------+
         Total |   2003 |   1931 |     72 |      0 |   1546 |   3 |  667.7 |
       Dungeon |   2003 |   1931 |     72 |      0 |   1546 |   3 |  667.7 |
               +--------+--------+--------+--------+--------+-----+--------+

Top non-repeatable levels by time:
     D:1: 687 daAuts
     D:2: 658 daAuts
     D:3: 657 daAuts
